 Dungeon Crawl Stone Soup version 0.24-a0-280-g7cec4da (webtiles) character file.

Game seed: 9497892261800272244

84 Gunnerkreig the Sneak (level 4, 0/29 HPs)
             Began as an Octopode Wizard on May 1, 2019.
             Killed from afar by an orc wizard (10 damage)
             ... with a puff of frost
             ... on level 3 of the Dungeon on May 3, 2019.
             The game lasted 00:07:28 (2912 turns).

Gunnerkreig the Sneak (Octopode Wizard)             Turns: 2912, Time: 00:07:28

Health: 0/29       AC:  1    Str:  6    XL:     4   Next: 46%
Magic:  2/9        EV: 13    Int: 24    God:
Gold:   94         SH:  0    Dex: 10    Spells: 1/10 levels left

rFire    . . .     SeeInvis .   d - +1 dagger (venom)
rCold    . . .     Gourm    .   (no shield)
rNeg     . . .     Faith    .   a - +0 hat
rPois    .         Spirit   .   (no amulet)
rElec    .         Reflect  .   k - +3 ring of intelligence
rCorr    .         Harm     .   (no ring)
MR       .....                  (no ring)
Stlth    +++.......             (no ring)
HPRegen  0.09/turn              (no ring)
MPRegen  0.11/turn              (no ring)
                                (no ring)
                                (no ring)

@: very slightly contaminated
A: almost no armour, stealthy swim, amphibious, 8 rings, constrict 8, camouflage
1, gelatinous body 1
a: no special abilities


You were on level 3 of the Dungeon.
You were not hungry.

You visited 1 branch of the dungeon, and saw 3 of its levels.

You collected 94 gold pieces.

Inventory:

Hand Weapons
 d - a +1 dagger of venom (weapon)
Missiles
 b - 4 javelins (quivered)
 e - 97 stones
 h - 17 sling bullets
Armour
 a - a +0 hat (worn)
Magical Staves
 p - an uncursed staff of death
Jewellery
 k - a +3 ring of intelligence (left tentacle)
Wands
 m - a wand of flame (8)
Scrolls
 f - a scroll of identify
 i - 2 scrolls of teleportation {unknown}
 l - a scroll of amnesia {unknown}
Potions
 g - a potion of invisibility
 j - a potion of heal wounds {unknown}
 n - a potion of flight {unknown}
 o - a potion of curing
 r - a potion of agility {unknown}
Comestibles
 c - 3 rations


   Skills:
 + Level 1.7 Fighting
 - Level 2.0 Dodging
 + Level 4.1 Stealth
 + Level 3.5 Spellcasting
 + Level 2.1 Conjurations
   Level 1.0 Summonings
 - Level 1.0 Translocations


You had one spell level left.
You knew the following spells:

 Your Spells              Type           Power        Failure   Level  Hunger
a - Magic Dart            Conj           ##..         4%          1    None
b - Conjure Flame         Conj/Fire      #.......     21%         3    ###....
c - Mephitic Cloud        Conj/Pois/Air  #.......     24%         3    ###....
y - Blink                 Tloc           N/A          11%         2    #......

Your spell library contained the following spells:

 Spells                   Type           Power        Failure   Level  Hunger
 Apportation              Tloc           #.....       7%          1    None
 Summon Small Mammal      Summ           #...         7%          1    None
 Animate Skeleton         Necr           N/A          11%         1    None
 Confusing Touch          Hex            #.....       11%         1    None
 Call Imp                 Summ           #.......     11%         2    #......
 Slow                     Hex            #.......     16%         2    #......


Dungeon Overview and Level Annotations

Branches:
Dungeon (3/15)

Altars:
The Shining One


Innate Abilities, Weirdness & Mutations

You cannot wear most types of armour.
You are very stealthy in the water. (Stealth+)
You are amphibious.
You can wear up to eight rings at the same time.
You can use your tentacles to constrict eight enemies at once.
Your skin changes colour to match your surroundings (Stealth+).
Your rubbery body absorbs attacks. (AC +1, EV +1)


Message History

Press: ? - help, Shift-Dir - straight line, p - ogre You miscast Mephitic Cloud.
You are very lightly contaminated with residual magic.
You feel a strange surge of energy!
The orc throws a tomahawk.
The tomahawk barely misses you.
Casting: Mephitic Cloud (safe; 24% risk of failure)
Confirm with . or Enter, or press ? or * to list all spells.
Aiming: Mephitic Cloud (safe; 24% risk of failure)
Press: ? - help, Shift-Dir - straight line, f - orc wizard
Aim: an orc wizard, wielding a +0 dagger and wearing a +0 robe (fast)
You miscast Mephitic Cloud.
Your skin glows momentarily.
The orc wizard hits you but does no damage.
The orc wizard misses you.
The orc wizard points at you and mumbles some strange words.
The magic dart hits you.
The orc wizard points at you and mumbles some strange words.
You resist with some effort.
The orc wizard points at you and mumbles some strange words.
The puff of frost hits you!
You die...

##...########.....#....
...#......).))#......'....
..........#####.#......####
.....#.......##........#
.... ##....#.#####.o...#####
..... #........#............
.....##...#.##.#(######.#.%.
.............o.O............
.......####@#o...†#####.#(..
.......<..#.#..#...........<
.......#..#.#..#.#..........
.......#.##....#.#..........
.......#.......#.#..........
.......#..##.###.#..........
.......#...................#
......##.####.#..##.........
#####. #.# >...##########.


You could see an ogre and an orc wizard.

Vanquished Creatures
  Terence (D:2)
  An adder (D:3)
  An ooze (D:1)
  2 leopard geckos (D:3)
  3 orcs (D:3)
  A ball python (D:3)
  2 giant cockroaches (D:1)
  6 goblins
  6 hobgoblins
  8 kobolds
  A quokka (D:2)
  4 bats
  7 rats
43 creatures vanquished.

Notes
Turn   | Place    | Note
-------+----------+-------------------------------------------
     0 | D:1      | Gunnerkreig the Octopode Wizard began the quest for the
                  | Orb.
     0 | D:1      | Reached XP level 1. HP: 11/11 MP: 4/4
   329 | D:1      | Reached skill level 3 in Stealth
   329 | D:1      | Reached XP level 2. HP: 18/18 MP: 1/6
   828 | D:1      | Reached skill level 1 in Fighting
  1244 | D:1      | Reached XP level 3. HP: 16/23 MP: 0/7
  1500 | D:2      | Found a glowing golden altar of the Shining One.
  1629 | D:2      | Noticed Terence
  1720 | D:2      | Learned a level 3 spell: Conjure Flame
  1724 | D:2      | Learned a level 3 spell: Mephitic Cloud
  1741 | D:2      | Killed Terence
  2076 | D:2      | Reached XP level 4. HP: 28/28 MP: 9/9
  2080 | D:2      | Learned a level 2 spell: Blink
  2678 | D:3      | Reached skill level 4 in Stealth
  2891 | D:3      | Noticed an ogre
  2912 | D:3      | Killed from afar by an orc wizard

Levels and vault maps discovered:
D:1:      dpeg_arrival_prison, layout_loops_corners, serial_park_tiny_1
D:2:      layout_loops_corners, lemuel_tele_altar, uniq_terence
D:3:      wander_river, layout_basic, uniq_sigmund

Skill      XL: |  1  2  3  4 |
---------------+-------------+-----
Stealth        | 3 4 |  4.1
Fighting       | 1 |  1.7
Conjurations   | 2 |  2.1
Dodging        | |  2.0
Spellcasting   | |  3.5
Summonings     | |  1.0
Translocations | |  1.0

Action                   |  1- 3 |  4- 6 || total
-------------------------+-------+-------++-------
Melee: Unarmed           |     6 |       ||     6
       Constrict         |     5 |     5 ||    10
       Dagger            |    25 |    17 ||    42
       Tentacles         |     2 |     4 ||     6
Throw: Javelin           |     1 |     4 ||     5
 Cast: Magic Dart        |    46 |    24 ||    70
       Conjure Flame     |     1 |     1 ||     2
       Mephitic Cloud    |     1 |       ||     1
  Use: Scroll            |       |     2 ||     2
 Stab: Sleeping          |     7 |       ||     7
  Eat: Chunk             |     3 |     3 ||     6
Armor: Skin              |     4 |     1 ||     5
Dodge: Dodged            |    14 |    12 ||    26

Table legend:
 A = Non-vault XP
 B = Vault XP
 C = Vault XP percentage of total XP
 D = Non-vault monster count
 E = Vault monster count
 F = Vault count percentage of total count
                 A         B        C        D         E       F
            +---------+---------+-------+---------+---------+-------
      Total |      82 |      39 |  32.2 |      37 |       6 |  14.0
            +---------+---------+-------+---------+---------+-------
        D:1 |      30 |       7 |  18.9 |      16 |       5 |  23.8
        D:2 |      14 |      32 |  69.6 |       8 |       1 |  11.1
        D:3 |      38 |       0 |   0.0 |      13 |       0 |   0.0
            +---------+---------+-------+---------+---------+-------
